 Dungeon Crawl Stone Soup version 0.21.1-1-g345015f (webtiles) character file.

2515 Inarius the Frost Mage (level 9, 0/55 HPs)
             Began as an Octopode Ice Elementalist on June 21, 2018.
             Was a Follower of Vehumet.
             Slain by sking99's ghost (33 damage)
             ... on level 8 of the Dungeon.
             The game lasted 00:29:34 (7449 turns).

Inarius the Frost Mage (Octopode Ice Elementalist)  Turns: 7449, Time: 00:29:34

Health: 0/55       AC:  3    Str: 12    XL:     9   Next: 54%
Magic:  16/16      EV: 14    Int: 23    God:    Vehumet [*.....]
Gold:   402        SH:  0    Dex: 13    Spells: 6/18 levels left

rFire    . . .     SeeInvis .   s - +3 spear (pierce)
rCold    . . .     Gourm    .   (no shield)
rNeg     . . .     Faith    .   z - +2 hat {Int+3}
rPois    .         Spirit   .   d - amulet of regeneration
rElec    .         Reflect  .   g - ring of stealth
rCorr    .         Harm     .   r - +5 ring of strength
MR       .....                  (no ring)
Stlth    ++++......             (no ring)
HPRegen  0.58/turn              (no ring)
MPRegen  0.15/turn              (no ring)
                                (no ring)
                                (no ring)

@: no status effects
A: almost no armour, stealthy swim, amphibious, 8 rings, constrict 8, camouflage
1, gelatinous body 1
a: Renounce Religion


You were on level 8 of the Dungeon.
You worshipped Vehumet.
Vehumet was aware of your devotion.
You were not hungry.

You visited 2 branches of the dungeon, and saw 9 of its levels.
You also visited: Sewer.

You collected 402 gold pieces.

Inventory:

Hand Weapons
 o - a +1 dagger of protection
 s - a +3 spear of piercing (weapon)
Missiles
 i - 2 throwing nets (quivered)
Armour
 x - a +0 large shield
 z - a +2 hat of intelligence (worn)
Jewellery
 d - an amulet of regeneration (around mantle)
 g - a ring of stealth (left tentacle)
 r - a +5 ring of strength (right tentacle)
Wands
 h - a wand of disintegration (29)
 v - a wand of flame (5)
 F - a wand of iceblast (10)
Scrolls
 c - 3 scrolls of remove curse
 k - a scroll of amnesia
 m - 4 scrolls of enchant armour
 q - 7 scrolls of teleportation
 w - 2 scrolls of fear {unknown}
 y - a scroll of brand weapon {unknown}
 C - a scroll of magic mapping {unknown}
 D - a scroll of fog
Potions
 e - 4 potions of curing
 f - 2 potions of agility {unknown}
 j - 2 potions of might {unknown}
 l - 4 potions of heal wounds
 n - a potion of resistance {unknown}
 p - a potion of brilliance {unknown}
 t - a potion of haste {unknown}
 u - 3 potions of degeneration {unknown}
 A - a potion of ambrosia {unknown}
 B - a potion of magic {unknown}
Books
 E - a Young Poisoner's Handbook

   Spells                             Type                      Level
   a - Sting                          Conjuration/Poison           1
   b - Poisonous Vapours              Poison/Air                   2
   c - Mephitic Cloud                 Conjuration/Poison/Air       3
   d - Olgreb's Toxic Radiance        Poison                       4
   e - Venom Bolt                     Conjuration/Poison           5
Comestibles
 a - a chunk of flesh
 b - 13 rations


   Skills:
 + Level 2.5 Fighting
 + Level 2.9 Dodging
 - Level 4.0 Stealth
 * Level 2.0 Shields
 + Level 5.0 Spellcasting
 + Level 3.6 Conjurations
 + Level 0.8 Charms
 + Level 11.9 Ice Magic
 + Level 2.8 Evocations


You had 6 spell levels left.
You knew the following spells:

 Your Spells              Type           Power        Failure   Level  Hunger
a - Freeze                Ice            ####         1%          1    None
b - Ozocubu's Armour      Chrm/Ice       #####...     1%          3    ##.....
c - Throw Icicle          Conj/Ice       #####...     3%          4    ####...
d - Summon Ice Beast      Ice/Summ       ####....     8%          4    ####...


Dungeon Overview and Level Annotations

Branches:
Dungeon (8/15)             Temple (1/1) D:4
   Lair: D:8-11

Altars:
Okawaru
Vehumet
Zin

Annotations:
D:8 sking99's ghost, novice TrMo


Innate Abilities, Weirdness & Mutations

You cannot wear most types of armour.
You are very stealthy in the water. (Stealth+)
You are amphibious.
You can wear up to eight rings at the same time.
You can use your tentacles to constrict eight enemies at once.
Your skin changes colour to match your surroundings (Stealth+).
Your rubbery body absorbs attacks. (AC +1, EV +1)


Message History

(D) Dungeon (T) Temple
Where to? (Enter - D:7, ? - help)
There is a stone staircase leading down here.
You climb downwards.
There is a stone staircase leading up here.
What are your orders? t - Shout!
Orders for allies: a - Attack new target. r - Retreat! s - Stop attacking. g - Guard the area. f - Follow me.
Anything else - Cancel.
You shout for attention!
Sking99's ghost opens the door.
Sking99's ghost says, "There is no future for me!"
Sking99's ghost hits you!!
There is an open door, spattered with blood here.
There is a stone staircase leading up here.
Sking99's ghost hits you!!
Ouch! That really hurt!
You die...

+.....#
#.....#
#.....#
#.....#
#.....#
#.....#
###'###
#...W.##
#...@..#
#......#
+......+
#......#
#......#
#......#
#......#
#+######


You could see sking99's ghost.

Vanquished Creatures
  A two-headed ogre (D:4)
  Prince Ribbit (D:6)
  An orc warrior (D:5)
  Purgy (Sewer)
  A phantom (D:6)
  An ogre (D:4)
  The ghost of tidbits the Grave Robber, an amateur GnNe (D:4)
  A bullfrog (D:6)
  2 crimson imps (D:7)
  2 bullfrog zombies
  3 centaur skeletons
  5 orc priests
  3 hounds
  3 orc wizards
  An iguana (D:6)
  5 worker ants
  A worker ant zombie (D:6)
  10 gnolls
  2 howler monkey skeletons
  8 adders
  A river rat (D:4)
  2 adder skeletons
  5 worms
  2 dart slugs
  7 leopard geckos
  19 orcs
  5 ball pythons
  7 giant cockroaches
  6 goblins
  6 hobgoblins
  6 jackals
  10 kobolds
  2 quokkas
  7 bats
  5 frilled lizards
  A quokka skeleton (D:4)
  7 rats
151 creatures vanquished.

Vanquished Creatures (collateral kills)
  A big kobold (D:7)
  A bullfrog (D:7)
  A jelly (D:7)
  2 kobolds (D:7)
5 creatures vanquished.

Grand Total: 156 creatures vanquished

Notes
Turn   | Place    | Note
-------+----------+-------------------------------------------
     0 | D:1      | Inarius the Octopode Ice Elementalist began the quest for the Orb.
     0 | D:1      | Reached XP level 1. HP: 11/11 MP: 3/3
   220 | D:1      | Reached XP level 2. HP: 17/17 MP: 3/5
   849 | D:1      | Reached XP level 3. HP: 16/21 MP: 4/6
   857 | D:1      | Learned a level 3 spell: Ozocubu's Armour
  1308 | D:2      | Reached skill level 11 in Ice Magic
  1308 | D:2      | Reached XP level 4. HP: 27/27 MP: 7/7
  1603 | D:2      | Reached XP level 5. HP: 30/31 MP: 0/8
  1755 | D:2      | Found a faded altar of an unknown god.
  1831 | D:2      | Learned a level 4 spell: Throw Icicle
  2649 | D:3      | Reached XP level 6. HP: 34/36 MP: 10/10
  3389 | D:4      | Noticed tidbits's ghost (amateur GnNe)
  3706 | D:4      | Found a glowing drain.
  3760 | D:4      | Killed tidbits's ghost
  3760 | D:4      | Reached skill level 1 in Fighting
  3760 | D:4      | Reached XP level 7. HP: 24/43 MP: 2/11
  3836 | Sewer    | Entered a sewer
  3895 | Sewer    | Noticed Purgy
  3948 | Sewer    | Killed Purgy
  4303 | D:4      | Found a staircase to the Ecumenical Temple.
  4311 | Temple   | Entered the Ecumenical Temple
  4318 | Temple   | Became a worshipper of Vehumet
  4371 | D:4      | Reached skill level 1 in Evocations
  4499 | D:4      | Noticed a two-headed ogre
  4792 | D:4      | Killed a two-headed ogre
  4792 | D:4      | Reached XP level 8. HP: 50/50 MP: 0/14
  5088 | D:5      | Entered Level 5 of the Dungeon
  6009 | D:6      | Learned a level 4 spell: Summon Ice Beast
  6033 | D:6      | Noticed Prince Ribbit
  6051 | D:6      | Killed Prince Ribbit
  6051 | D:6      | Reached XP level 9. HP: 55/55 MP: 2/15
  6165 | D:6      | Reached skill level 1 in Shields
  6303 | D:6      | Reached * piety under Vehumet
  6303 | D:6      | Offered knowledge of Shock by Vehumet.
  6997 | D:7      | Reached skill level 5 in Spellcasting
  7446 | D:8      | Noticed sking99's ghost (novice TrMo)
  7449 | D:8      | Slain by sking99's ghost

Skill      XL: |  1  2  3  4  5  6  7  8  9 |
---------------+----------------------------+-----
Stealth        | 3 4 |  4.0
Ice Magic      | 11 | 11.9
Spellcasting   | 3 4 5 |  5.0
Fighting       | 1 2 |  2.5
Evocations     | 2 |  2.8
Conjurations   | 2 3 |  3.6
Shields        | 2 |  2.0
Dodging        | |  2.9
Charms         | |  0.8

Action                   |  1- 3 |  4- 6 |  7- 9 || total
-------------------------+-------+-------+-------++-------
Melee: Unarmed           |     2 |       |       ||     2
       Constrict         |     7 |    18 |    20 ||    45
       Tentacles         |     4 |    16 |    16 ||    36
       Whip              |    24 |       |       ||    24
       Club              |     1 |       |       ||     1
       Short sword       |     1 |    33 |       ||    34
       Dagger            |       |    18 |       ||    18
       Spear             |       |    54 |   139 ||   193
 Cast: Freeze            |    16 |    34 |    10 ||    60
       Ozocubu's Armour  |       |     6 |     5 ||    11
       Throw Icicle      |       |    11 |    32 ||    43
       Summon Ice Beast  |       |       |     1 ||     1
Evoke: Wand              |       |     3 |    20 ||    23
  Use: Scroll            |     4 |     7 |     1 ||    12
       Potion            |     1 |     1 |     1 ||     3
 Stab: Sleeping          |     8 |    18 |     7 ||    33
       Distracted        |       |       |     1 ||     1
  Eat: Chunk             |     1 |    11 |    18 ||    30
Armor: Skin              |     2 |    18 |    13 ||    33
Dodge: Dodged            |    21 |    73 |    74 ||   168
